AoeStats
← Degel

Arabia

510837134Analyzed
3v3 RM · 14h ago on Oct 2, 2026· 42m 43s· 6 players
Game mode
Random Map
Map size
Normal (6 player)
Population
200
Speed
Normal
Resources
Standard
Victory
Conquest
Starting age
Dark Age
Ending age
Imperial Age
RankedLock teamsTeams togetherTeam positionsShared explorationLock speedFull tech treeHidden civsTurbo modeCheats
Victory
Defeat
🇲🇽 Varangians · Mexico
1350
+11
🇲🇽 Huns · Mexico
1227
+16
🇲🇽 Franks · Mexico
1196
+19
🇹🇷 Vietnamese · Türkiye
1247
-16
🇩🇪 Ethiopians · Germany
1244
-15
🇹🇷 Franks · Türkiye
1227
-15
Vantokk
9:03 Loom
9:15 Loom
11:00 Feudal Age
16:00 Castle Age
15:13 Double-Bit Axe
16:16 Gold Mining
17:09 Bow Saw
19:56 Gold Shaft Mining
20:24 Scale Barding Armor
23:31 Wheelbarrow
23:29 Husbandry
25:11 Stone Mining
26:52 Forging
27:29 Chain Barding Armor
26:58 Town Watch
29:32 Hand Cart
33:25 Imperial Age
31:41 Iron Casting
33:28 Cavalier
34:44 Plate Barding Armor
35:10 Blast Furnace
34:46 Treadmill Crane
35:21 Paladin
39:25 Conscription
ichbinmümin
6:56 Loom
9:17 Feudal Age
9:43 Double-Bit Axe
13:45 Fletching
17:41 Scale Mail Armor
18:54 Forging
24:07 Castle Age
24:28 Crossbowman
25:15 Thumb Ring
25:06 Bodkin Arrow
25:32 Bow Saw
28:15 Wheelbarrow
31:02 Padded Archer Armor
33:34 Leather Archer Armor
35:37 Horse Collar
35:48 Gold Mining
37:33 Chain Mail Armor
42:59 Imperial Age
41:01 Hand Cart
40:34 Town Watch
41:31 Iron Casting
41:24 Town Patrol
MW.ItsyBitsy
7:37 Loom
11:39 Feudal Age
12:43 Double-Bit Axe
16:25 Fletching
21:27 Horse Collar
23:52 Castle Age
23:05 Gold Mining
23:48 Padded Archer Armor
23:50 Scale Mail Armor
23:45 Arson
24:23 Forging
24:15 Crossbowman
24:53 Pikeman
26:36 Squires
28:31 Thumb Ring
30:40 Wheelbarrow
31:30 Hand Cart
31:39 Bow Saw
34:20 Ballistics
42:52 Imperial Age
Degel
1:42 Loom
13:29 Feudal Age
14:07 Double-Bit Axe
17:05 Castle Age
15:08 Horse Collar
18:15 Bow Saw
23:15 Town Watch
24:37 Wheelbarrow
27:49 Hand Cart
31:17 Imperial Age
29:08 Scale Barding Armor
33:17 Conscription
33:42 Chain Barding Armor
33:39 Gold Mining
34:11 Scale Mail Armor
35:33 Plate Barding Armor
35:31 Heavy Plow
35:09 Elite Jarl
35:25 Pikeman
36:05 Squires
35:26 Elite Varangian Guard
36:23 Chain Mail Armor
37:12 Halberdier
38:23 Plate Mail Armor
38:04 Forging
40:18 Stone Mining
41:08 Vendel Legacy
MZTK l black goku
9:48 Loom
11:34 Feudal Age
16:05 Castle Age
16:03 Double-Bit Axe
22:18 Town Watch
23:03 Horse Collar
26:35 Wheelbarrow
25:58 Fletching
27:31 Heavy Plow
28:23 Gold Mining
31:59 Imperial Age
30:36 Forging
31:37 Scale Barding Armor
33:12 Iron Casting
32:05 Cavalier
33:22 Bow Saw
33:34 Chain Barding Armor
35:55 Hand Cart
36:00 Husbandry
37:16 Plate Barding Armor
36:46 Paladin
39:08 Blast Furnace
39:47 Bloodlines
40:09 Pikeman
42:43 Scale Mail Armor
42:43 Halberdier
Polos-Dev
7:54 Loom
10:42 Feudal Age
16:22 Castle Age
15:56 Scale Barding Armor
41:40 Fletching
Connection lost

Rejoining the realm…

Still unreachable

The connection could not be restored.

Session expired

The server has moved on; the page needs a fresh start.